 Dungeon Crawl Stone Soup version 0.28-b1-1-g3c77fb2ed1 (webtiles) character file.

Game seed: 10660589184670805013

120 DerDa the Protected (level 5, -2/60 HPs)
             Began as a Gnoll Wanderer on Jan 28, 2022.
             Slain by an ogre (16 damage)
             ... on level 3 of the Dungeon.
             The game lasted 00:05:09 (3066 turns).

DerDa the Protected (Gnoll Wanderer)                Turns: 3066, Time: 00:05:09

Health: -2/60      AC: 22    Str: 13    XL:     5   Next: 4%
Magic:  9/9        EV:  2    Int: 11    God:
Gold:   24         SH:  0    Dex: 12    Spells: 10/10 levels left

rFire   . . .      SeeInvis .   d - +0 trident
rCold   . . .      Faith    .   (no shield)
rNeg    . . .      Spirit   .   (armour currently unavailable)
rPois   +          Reflect  .   (helmet currently unavailable)
rElec   .          Harm     .   (cloak currently unavailable)
rCorr   .          Rampage  .   (gloves currently unavailable)
Will    .....      NoTele   +   (boots currently unavailable)
Stlth   ++........              (no amulet)
HPRegen 0.20/turn               (no ring)
MPRegen 0.11/turn               (no ring)

@: tree-form
A: stationary, stasis, torment immunity, boosted hp, (fangs 1), strong nose,
distributed training
a: no special abilities


You were on level 3 of the Dungeon.
You were a tree.
You visited 1 branch of the dungeon, and saw 4 of its levels.

You collected 72 gold pieces.
You spent 48 gold pieces at shops.

Inventory:

Hand Weapons
 a - a +0 quarterstaff
 d - a +0 trident (weapon)
 e - a +0 arbalest
Missiles
 j - 12 sling bullets
 m - 5 silver javelins (quivered)
Armour
 b - a +2 scale mail (melded)
Wands
 c - a wand of polymorph (2)
 x - a wand of iceblast (8)
Scrolls
 f - a scroll of enchant armour
 g - 2 scrolls of teleportation
 h - a scroll of identify
 i - 3 scrolls of immolation
 k - 2 scrolls of amnesia {unknown}
 l - a scroll of fear {unknown}
 p - a scroll of holy word {unknown}
 q - a scroll of fog {unknown}
 s - a scroll of vulnerability {unknown}
 v - 2 scrolls of blinking {unknown}
 w - a scroll of magic mapping {unknown}
Potions
 o - a potion of curing {unknown}
 r - a potion of mutation {unknown}
 t - a potion of berserk rage {unknown}
 u - a potion of haste {unknown}
 z - a potion of flight {unknown}


   Skills:
 + Level 2.8 Fighting
 + Level 1.3 Short Blades
 + Level 1.3 Long Blades
 + Level 1.3 Axes
 + Level 1.3 Maces & Flails
 + Level 1.3 Polearms
 + Level 2.8 Staves
 + Level 1.3 Slings
 + Level 1.3 Bows
 + Level 1.3 Crossbows
 + Level 1.3 Throwing
 + Level 8.6 Armour
 + Level 1.3 Dodging
 + Level 1.3 Stealth
 + Level 1.3 Shields
 + Level 1.3 Unarmed Combat
 + Level 3.1 Spellcasting
 + Level 1.0 Conjurations
 + Level 1.0 Hexes
 + Level 1.0 Summonings
 + Level 1.0 Necromancy
 + Level 1.0 Translocations
 + Level 1.0 Transmutations
 + Level 1.0 Fire Magic
 + Level 1.0 Ice Magic
 + Level 1.0 Air Magic
 + Level 1.0 Earth Magic
 + Level 1.0 Poison Magic
 + Level 3.0 Invocations
 + Level 4.7 Evocations


You had 10 spell levels left.
You didn't know any spells.
Your spell library contained the following spells:

 Spells                   Type           Power      Damage    Failure   Level
 Conjure Flame            Conj/Fire      4%         6-21      45%         3
 Ignite Poison            Fire/Tmut/Pois 4%         N/A       45%         3
 Sticky Flame             Conj/Fire      4%         2d3       86%         4
 Dispersal                Tloc           2%         N/A       100%        6
 Disjunction              Tloc           2%         N/A       100%        8


Dungeon Overview and Level Annotations

Branches:
Dungeon (4/15)
 Temple: D:4-7

Altars:
Ru

Shops:
D:3 *[?!(   D:4 :


Innate Abilities, Weirdness & Mutations

You are a tree.
Your roots penetrate the ground, keeping you stationary.
You cannot be teleported.
You are immune to unholy pain and torment.
Your maximum health is greatly increased.
Your equipment is partially melded.
((You have very sharp teeth.))
Your uncanny sense of smell can sniff out nearby items.
Your experience applies equally to all skills.


Message History

You barely miss the ogre.
The ogre is lightly wounded.
The ogre hits you with a +0 giant club.
* * * LOW HITPOINT WARNING * * *
You hit the ogre but do no damage.
The ogre is lightly wounded.
The ogre hits you but does no damage.
You barely miss the ogre.
The ogre is lightly wounded.
The ogre completely misses you.
You puncture the ogre!
The ogre is moderately wounded.
The ogre hits you with a +0 giant club!
* * * LOW HITPOINT WARNING * * *
It was a potion of heal wounds.
You feel much better. The ogre hits you but does no damage.
You hit the ogre.
The ogre is moderately wounded.
The ogre hits you with a +0 giant club!
You puncture the ogre!
The ogre is heavily wounded.
The bat hits you but does no damage. The ogre barely misses you.
You hit the ogre.
The ogre is severely wounded.
The bat hits you but does no damage.
You hit the ogre but do no damage.
The ogre is severely wounded.
The bat hits you but does no damage. The ogre hits you with a +0 giant club.
You hit the ogre.
The ogre is almost dead.
The bat hits you but does no damage. The ogre barely misses you.
You hit the ogre but do no damage.
The ogre is almost dead.
The bat hits you but does no damage. The ogre hits you with a +0 giant club!
* * * LOW HITPOINT WARNING * * *
The bat hits you but does no damage.
You hit the ogre.
The ogre is almost dead.
The bat hits you but does no damage. The ogre hits you with a +0 giant club!
You die...

######################
##....................#
......................#
......................#
......................##
................♣b......
.....#####......O.......
...............##...#...
....................# .
....................#
......................
.....######............
.....######...........#
...................


You could see an ogre and a bat.

Vanquished Creatures
  An iguana (D:3)
  Ijyb (D:3)
  2 adders
  2 dart slugs
  3 endoplasms
  A giant cockroach (D:1)
  4 goblins
  8 hobgoblins
  2 jackals (D:1)
  6 kobolds
  5 ball pythons
  4 bats
  2 frilled lizards
  4 rats
45 creatures vanquished.

Notes
Turn   | Place    | Note
-------+----------+-------------------------------------------
     0 | D:1      | DerDa the Gnoll Wanderer began the quest for the Orb.
     0 | D:1      | DerDa set off with the following items: a +0 quarterstaff,
                  | a +2 scale mail, a wand of polymorph (3)
     0 | D:1      | Reached XP level 1. HP: 17/17 MP: 4/4
    71 | D:1      | Reached XP level 2. HP: 15/23 MP: 5/5
   604 | D:1      | Reached XP level 3. HP: 26/28 MP: 7/7
  1297 | D:2      | You fall into a shaft and drop 2 floors!
  1332 | D:4      | Found Majaegg's Book Boutique.
  1451 | D:2      | Found a faded altar of an unknown god.
  2204 | D:3      | Reached skill level 1 in Short Blades
  2204 | D:3      | Reached skill level 1 in Long Blades
  2204 | D:3      | Reached skill level 1 in Axes
  2204 | D:3      | Reached skill level 1 in Maces & Flails
  2204 | D:3      | Reached skill level 1 in Polearms
  2204 | D:3      | Reached skill level 1 in Slings
  2204 | D:3      | Reached skill level 1 in Bows
  2204 | D:3      | Reached skill level 1 in Crossbows
  2204 | D:3      | Reached skill level 1 in Throwing
  2204 | D:3      | Reached skill level 1 in Dodging
  2204 | D:3      | Reached skill level 1 in Stealth
  2204 | D:3      | Reached skill level 1 in Shields
  2204 | D:3      | Reached skill level 1 in Unarmed Combat
  2204 | D:3      | Reached XP level 4. HP: 24/34 MP: 8/8
  2331 | D:3      | Found Ryloib's Armour Shoppe.
  2339 | D:3      | Found Engirol's Magic Scroll Shoppe.
  2349 | D:3      | Bought a scroll of identify for 24 gold pieces
  2349 | D:3      | Bought a scroll of identify for 24 gold pieces
  2359 | D:3      | Found Impiz's Distillery.
  2394 | D:3      | Reached skill level 1 in Conjurations
  2394 | D:3      | Reached skill level 1 in Hexes
  2394 | D:3      | Reached skill level 1 in Summonings
  2394 | D:3      | Reached skill level 1 in Necromancy
  2394 | D:3      | Reached skill level 1 in Translocations
  2394 | D:3      | Reached skill level 1 in Transmutations
  2394 | D:3      | Reached skill level 1 in Fire Magic
  2394 | D:3      | Reached skill level 1 in Ice Magic
  2394 | D:3      | Reached skill level 1 in Air Magic
  2394 | D:3      | Reached skill level 1 in Earth Magic
  2394 | D:3      | Reached skill level 1 in Poison Magic
  2585 | D:3      | Found Jexeuliffu's Antique Weapon Shoppe.
  2608 | D:3      | Found a sacrificial altar of Ru.
  2629 | D:3      | Noticed Ijyb
  2679 | D:3      | Killed Ijyb
  2680 | D:3      | Reached XP level 5. HP: 8/40 MP: 9/9
  3027 | D:3      | Found Duokhyis's Assorted Antiques.
  3045 | D:3      | Noticed an ogre
  3058 | D:3      | HP: 2/60 [ogre (10)]
  3066 | D:3      | Slain by an ogre

Illustrated notes

Levels and vault maps discovered:
D:1:      shiori_shiawase, layout_basic, corexii_hall_statues_x
D:2:      layout_loops_corners, chequers_ecumenical_altar_simple
D:3:      layout_basic, nicolae_ru_sacrificial_ziggurat, serial_shops,
          nicolae_shop_competitors_out_of_business,
          nicolae_shop_advertising_works [nicolae_subvault_shop_adworks],
          nicolae_shop_hallway_stairs, nicolae_shop_crystal,
          nicolae_shop_statue_plus, uniq_ijyb
D:4:      layout_basic, lemuel_round_altar, demons_altar, serial_shops, shop,
          nicolae_take_the_stairs, nicolae_shop_waterfront,
          nicolae_shop_hallway_plus, nicolae_shop_hallway_plus

Skill      XL: |  1  2  3  4 |
---------------+-------------+-----
Short Blades   | 1 |  1.3
Long Blades    | 1 |  1.3
Axes           | 1 |  1.3
Maces & Flails | 1 |  1.3
Polearms       | 1 |  1.3
Slings         | 1 |  1.3
Bows           | 1 |  1.3
Crossbows      | 1 |  1.3
Throwing       | 1 |  1.3
Dodging        | 1 |  1.3
Stealth        | 1 |  1.3
Shields        | 1 |  1.3
Unarmed Combat | 1 |  1.3
Spellcasting   | 3 |  3.1
Conjurations   | 1 |  1.0
Hexes          | 1 |  1.0
Summonings     | 1 |  1.0
Necromancy     | 1 |  1.0
Translocations | 1 |  1.0
Transmutations | 1 |  1.0
Fire Magic     | 1 |  1.0
Ice Magic      | 1 |  1.0
Air Magic      | 1 |  1.0
Earth Magic    | 1 |  1.0
Poison Magic   | 1 |  1.0
Invocations    | 3 |  3.0
Fighting       | |  2.8
Staves         | |  2.8
Armour         | |  8.6
Evocations     | |  4.7

Action                   |  1- 3 |  4- 6 || total
-------------------------+-------+-------++-------
Melee: Quarterstaff      |    14 |       ||    14
       Trident           |   136 |    85 ||   221
       Bite              |     8 |     9 ||    17
       Punch             |       |     1 ||     1
Evoke: Wand              |       |     1 ||     1
  Use: Scroll            |       |     3 ||     3
       Potion            |       |     3 ||     3
Armor: Scale mail        |    86 |    17 ||   103
       Skin              |       |    24 ||    24
Dodge: Dodged            |    75 |    28 ||   103
